 Dungeon Crawl Stone Soup version 0.30-a0-883-g5ad918d77d (webtiles) character file.

Game seed: 469825006533701475

9 sircluck the Ruffian (level 2, -4/29 HPs)
             Began as a Troll Berserker on Mar 15, 2023.
             Was a Follower of Trog.
             Succumbed to their own poison gas
             ... on level 2 of the Dungeon.
             The game lasted 00:01:09 (598 turns).

sircluck the Ruffian (Troll Berserker)               Turns: 598, Time: 00:01:10

Health: -4/29      AC:  4    Str: 24    XL:     2   Next: 3%
Magic:  1/1        EV: 10    Int:  3    God:    Trog [*.....]
Gold:   84         SH:  0    Dex:  9    Spells: 1/1 levels left

rFire   . . .      SeeInvis .      - Unarmed
rCold   . . .      Faith    .    (no shield)
rNeg    . . .      Spirit   .    a - +0 animal skin
rPois   .          Reflect  .    (helmet restricted)
rElec   .          Rampage  .    (no cloak)
rCorr   .                        (gloves unavailable)
Will    .....                    (boots unavailable)
Stlth   +                        (no amulet)
HPRegen 1.04/turn                (no ring)
MPRegen 0.07/turn                (no ring)

@: mighty, lethally poisoned (-4 -> -35), on berserk cooldown, flying, slowed,
very slow
A: large, unfitting armour, claws 3, regeneration 1, shaggy fur 1, tough skin 1
a: Renounce Religion, Berserk


You were on level 2 of the Dungeon.
You worshipped Trog.
Trog was aware of your devotion.
You visited 1 branch of the dungeon, and saw 2 of its levels.

You collected 84 gold pieces.

Inventory:

Armour
 a - a +0 animal skin (worn)
Jewellery
 f - a ring of willpower


   Skills:
 + Level 2.6 Fighting
 + Level 2.6 Dodging
 + Level 3.2 Unarmed Combat


You had one spell level left.
You didn't know any spells.
Your spell library was empty.

Dungeon Overview and Level Annotations

Branches:
Dungeon (1/15)

Altars:


Innate Abilities, Weirdness & Mutations

You are too large for most types of armour.
You have claws for hands.
Your natural rate of healing is unusually fast.
You are covered in fur. (AC +1)
You have tough skin. (AC +1)


Message History

You aren't carrying any weapons that can be enchanted.
The air fills with toxic fumes!
As you read the scroll labelled LEROCOG ZARUCONK, it crumbles to dust.
It was a scroll of poison.
As you read the scroll labelled FESTRU HOST, it crumbles to dust.
It is a scroll of identify.
g - a scroll of noise Really read the scroll of noise? [Y]es or [N]o only, please.
Really read the scroll of noise?
Okay, then.
Really read the scroll of noise?
As you read the scroll of noise, it crumbles to dust.
You hear a loud clanging noise!
As you read the scroll labelled QIMNUO JOSS, it crumbles to dust.
The air around you briefly surges with heat, but it dissipates.
It was a scroll of immolation.
You feel yourself slow down.
Partly explored, can't reach some places.
You aren't carrying any scrolls.
Really fly into that cloud of poison gas? [Y]es or [N]o only, please.
Really fly into that cloud of poison gas? [Y]es or [N]o only, please.
Really fly into that cloud of poison gas? [Y]es or [N]o only, please.
Really fly into that cloud of poison gas? [Y]es or [N]o only, please.
Really fly into that cloud of poison gas? [Y]es or [N]o only, please.
Really fly into that cloud of poison gas? [Y]es or [N]o only, please.
Really fly into that cloud of poison gas?
You are engulfed in poison gas.
You are poisoned.
You feel extremely sick.
You are engulfed in poison gas.
You are lethally poisoned!
* * * LOW HITPOINT WARNING * * *
You die...

#.####### #.#
#.....[.# #.# #
##..####.# #.#
#.#...####.#####.#
#................#
#.#...#.##.#######
##. #.##.#
#.###§#§##§#
.r§§§§§@☼.§#
############


You could see a quokka.

Vanquished Creatures
  A ball python (D:1)
  An endoplasm (D:1)
  A giant cockroach (D:1)
  A kobold (D:1)
  3 bats (D:1)
  2 rats (D:1)
9 creatures vanquished.

Notes
Turn   | Place    | Note
-------+----------+-------------------------------------------
     0 | D:1      | sircluck the Troll Berserker began the quest for the Orb.
     0 | D:1      | Reached XP level 1. HP: 22/22 MP: 0/0
   438 | D:1      | Reached XP level 2. HP: 27/29 MP: 1/1
   538 | D:1      | You fall into a shaft and drop 1 floor!
   598 | D:2      | Succumbed to their own poison gas

Illustrated notes

Levels and vault maps discovered:
D:1:      lemuel_arrival_lava_pool, layout_basic, minmay_cupped
D:2:      layout_loops_corners, dreamdust_ecumenical_altar_drowned_temple

Action                     || total
---------------------------++-------
  Melee: Unarmed           ||    16
    Use: Scroll            ||     5
         Potion            ||     4
 Armour: Animal skin       ||     4
  Dodge: Dodged            ||    11

Table legend: (Time is in decaauts)
 A = Elapsed time spent in this place.
 B = Non-inter-level travel time spent in this place.
 C = Inter-level travel time spent in this place.
 D = Time resting spent in this place.
 E = Time spent auto-exploring this place.
 F = Levels seen in this place.
 G = Mean time per level.
                   A        B        C        D        E       F      G
               +--------+--------+--------+--------+--------+-----+--------+
         Total |    595 |    595 |      0 |     18 |    475 |   2 |  297.5 |
       Dungeon |    595 |    595 |      0 |     18 |    475 |   2 |  297.5 |
               +--------+--------+--------+--------+--------+-----+--------+

Top non-repeatable levels by time:
     D:1: 537 daAuts
     D:2: 58 daAuts
